 Dungeon Crawl Stone Soup version 0.23.2-1-ga50397a (webtiles) character file.

Game seed: 4818489770237408409

86 sankara the Chopper (level 4, 35/35 HPs)
             Began as a Hill Orc Fighter on May 30, 2019.
             Was a Follower of Hepliaklqana.
             Quit the game on level 2 of the Dungeon.
             The game lasted 00:04:30 (1294 turns).

sankara the Chopper (Hill Orc Fighter)              Turns: 1294, Time: 00:04:31

Health: 35/35      AC:  8    Str: 19    XL:     4   Next: 50%
Magic:  4/4        EV:  7    Int:  8    God:    Hepliaklqana [*.....]
Gold:   97         SH:  9    Dex: 10    Spells: 3/3 levels left

rFire    . . .     SeeInvis .   a - +0 war axe
rCold    . . .     Gourm    .   c - +0 shield
rNeg     . . .     Faith    .   y - +0 scale mail
rPois    .         Spirit   .   (no helmet)
rElec    .         Reflect  .   (no cloak)
rCorr    .         Harm     .   (no gloves)
MR       .....                  n - +0 pair of boots
Stlth    ..........             o - amulet of regeneration {+regen, !d}
HPRegen  0.51/turn              (no ring)
MPRegen  0.09/turn              (no ring)

@: no status effects
A: reduced essence
a: Recall Ancestor, Ancestor Identity, Renounce Religion


You were on level 2 of the Dungeon.
You worshipped Hepliaklqana.
Hepliaklqana was aware of your devotion.
You were not hungry.

You visited 1 branch of the dungeon, and saw 2 of its levels.

You collected 97 gold pieces.

Inventory:

Hand Weapons
 a - a +0 war axe (weapon)
 b - a +0 hunting sling
   (You took it off a goblin on level 2 of the Dungeon)
Missiles
 l - a throwing net {=f, !d}
 q - 91 stones (quivered)
 x - 7 tomahawks
Armour
 c - a +0 shield (worn)
 n - a +0 pair of boots (worn)
   (You found it on level 1 of the Dungeon)
 y - a +0 scale mail (worn)
Jewellery
 o - an amulet of regeneration (around neck) {+regen, !d}
   (You found it on level 1 of the Dungeon)
Scrolls
 e - a scroll of amnesia {unknown}
 h - a scroll of immolation {unknown}
 m - a scroll of teleportation {unknown}
 p - 3 scrolls of identify {unknown}
 t - a scroll of enchant armour {unknown}
 u - 2 scrolls of remove curse {unknown}
 w - 3 scrolls of magic mapping {unknown}
Potions
 d - 2 potions of might
 i - a potion of magic {unknown}
 j - a potion of cancellation {unknown}
 k - a potion of degeneration {unknown}
 r - a potion of curing {unknown}
 s - a potion of heal wounds {unknown}
 v - a potion of ambrosia {unknown}
Comestibles
 f - 6 rations
 g - 2 chunks of flesh {@w0}


   Skills:
 - Level 3.6 Fighting
 * Level 6.1 Axes
 - Level 3.2 Armour
 - Level 3.2 Shields


You had 3 spell levels left.
You didn't know any spells.
Your spell library was empty.

Dungeon Overview and Level Annotations

Branches:
Dungeon (2/15)

Altars:
Hepliaklqana
Trog
Yredelemnul
The Shining One


Message History

You closely miss the hobgoblin.
The hobgoblin hits you but does no damage.
You completely miss the hobgoblin. The hobgoblin barely misses you.
The hobgoblin hits you.
You slash the hobgoblin!
You kill the hobgoblin!
No target in view!
There is a faded altar of an unknown god here.
You cannot tell which god this altar belongs to.
Convert to them anyway?
Okay, then.
You cannot tell which god this altar belongs to.
Convert to them anyway?
Hepliaklqana accepts your prayer! Hepliaklqana welcomes you!
Hepliaklqana forms a fragment of your life essence into the memory of your ancestor, Aahotepre!
You can now recall your ancestor.
You can now remember your ancestor's identity.
All of the chunks of flesh in your inventory have rotted away.
There is an open door here.
You see here a +0 whip.
You now have 89 gold pieces (gained 4).
You open the door.
There is an open door here.
Found a stone staircase leading up.
There is a stone staircase leading up here.
You swap places.
You now have 97 gold pieces (gained 8).
You see here a club.
You see here a kobold corpse.
You see here a +0 club.
Found a stone staircase leading down.
There is an open door here.
There is an escape hatch in the ceiling here.
You swap places.
There is an open door here.
You open the door.
There is an open door here.
Found a stone staircase leading up.
A leopard gecko, an adder and a goblin come into view.
The leopard gecko hisses angrily.
The goblin shouts!
The adder hisses angrily.
You miss the adder. The adder closely misses you. The leopard gecko bites you.
The adder closely misses you.
You hit the adder.
The adder is lightly wounded.
You hit the leopard gecko. The leopard gecko bites you.
The adder barely misses you.
Aahotepre hits the adder.
You block the leopard gecko's attack. The adder bites you but does no damage.
Your shield and scale mail prevent you from hitting the leopard gecko.
The leopard gecko is severely wounded.
You hit the goblin. You miss the adder.
Aahotepre misses the adder.
You block the leopard gecko's attack. You block the adder's attack.
The goblin barely misses you.
You hit the leopard gecko.
The leopard gecko is almost dead.
You barely miss the adder. You barely miss the goblin.
You block the leopard gecko's attack.
Aahotepre barely misses the adder.
The adder bites you but does no damage. You block the goblin's attack.
Aahotepre misses the adder.
You block the leopard gecko's attack. The adder barely misses you.
You hit the leopard gecko but do no damage.
The leopard gecko is almost dead.
You slash the goblin!
You kill the goblin!
You completely miss the adder. The adder barely misses you.
The leopard gecko bites you but does no damage.
Aahotepre closely misses the adder.
The adder closely misses you.
You slash the leopard gecko!
You kill the leopard gecko!
You miss the adder.
Aahotepre barely misses the adder.
The adder bites you but does no damage.
Your shield and scale mail prevent you from hitting the adder.
The adder is heavily wounded.
You block the adder's attack.
Aahotepre misses the adder.
The adder bites you but does no damage.
Aahotepre closely misses the adder.
Your shield prevents you from hitting the adder.
The adder is heavily wounded.
The adder bites you but does no damage.
Aahotepre hits the adder.
The adder dies!
Your Axes skill increases to level 6!
No target in view!
No target in view!
You see here a leopard gecko corpse.
You butcher the leopard gecko corpse.
g - a chunk of flesh {@w0} You see here a leopard gecko skeleton.
You see here an adder corpse.
You butcher the adder corpse.
g - 3 chunks of flesh {@w0} (gained 2)
You see here an adder skeleton.
w - 3 scrolls labeled JIASEGH WABO (gained 2)
You swap places.
There is a stone staircase leading up here.
f - 6 rations (gained 1) Eating one of 3 chunks of flesh {@w0}.
You eat one of the 3 chunks of flesh {@w0}.
This raw flesh tastes terrible.
You open the door.
Done exploring.
Done exploring.
Okay, then.
Are you sure you want to abandon this character and quit the game? (Confirm with "yes".)

#.....###. #.#.......
######.#.......
#...##.........
#####.#.##......รท..
#.....#.##.......#.
#.##...............
###'#..............#>
#...@R##...........#.
#........<...###>..#.
#............##......
#............###.....
###..................
###.......##.#.....
#######..........
#..........
######..#.#...#.


You could see the friendly Aahotepre the ancestor.

Vanquished Creatures
  3 adders (D:2)
  2 dart slugs (D:1)
  3 leopard geckos
  2 giant cockroaches (D:1)
  6 goblins
  6 hobgoblins
  3 jackals (D:1)
  4 kobolds
  A ball python (D:1)
  5 bats
  4 frilled lizards
  3 rats (D:1)
42 creatures vanquished.

Vanquished Creatures (collateral kills)
  An adder (D:2)
1 creature vanquished.

Grand Total: 43 creatures vanquished

Notes
Turn   | Place    | Note
-------+----------+-------------------------------------------
     0 | D:1      | sankara the Hill Orc Fighter began the quest for the Orb.
     0 | D:1      | Reached XP level 1. HP: 19/19 MP: 1/1
    26 | D:1      | Reached skill level 3 in Axes
   131 | D:1      | Reached XP level 2. HP: 26/26 MP: 2/2
   244 | D:1      | Reached skill level 4 in Axes
   452 | D:1      | Reached XP level 3. HP: 31/31 MP: 3/3
   734 | D:2      | Reached skill level 5 in Axes
   883 | D:2      | Reached XP level 4. HP: 39/39 MP: 4/4
   929 | D:2      | Found a hazy altar of Hepliaklqana.
  1056 | D:2      | Found a faded altar of an unknown god.
  1056 | D:2      | Found a bloodstained altar of Trog.
  1062 | D:2      | Found a basalt altar of Yredelemnul.
  1064 | D:2      | Found a glowing golden altar of the Shining One.
  1065 | D:2      | Found a faded altar of an unknown god.
  1082 | D:2      | Became a worshipper of Hepliaklqana the Forgotten
  1082 | D:2      | Reached * piety under Hepliaklqana
  1233 | D:2      | Reached skill level 6 in Axes
  1294 | D:2      | Quit the game

Skill      XL: |  1  2  3  4 |
---------------+-------------+-----
Axes           | 3 4 5 6 |  6.1
Fighting       | |  3.6
Armour         | |  3.2
Shields        | |  3.2

Action                   |  1- 3 |  4- 6 || total
-------------------------+-------+-------++-------
Melee: War axe           |   105 |    28 ||   133
  Eat: Chunk             |       |     2 ||     2
Armor: Scale mail        |    52 |    18 ||    70
Dodge: Dodged            |    41 |    13 ||    54
Block: Shield            |    59 |    22 ||    81

Levels and vault maps discovered:
D:1:      roderic_crop_circles_arrival_small, layout_basic
D:2:      layout_basic, lemuel_doored_altar, chequers_temple_overflow_minitemple

Table legend:
 A = Turns spent in this place as a percentage of turns spent in the entire game.
 B = Non-inter-level travel turns spent in this place as a percentage of non-inter-level travel turns spent in the entire game.
 C = Inter-level travel turns spent in this place as a percentage of turns spent in this place.
 D = Turns resting spent in this place as a percentage of non-inter-level travel turns spent in this place.
 E = Turns spent auto-exploring this place as a percentage of non-inter-level travel turns spent in this place.
 F = Non-inter-level travel turns spent in this place divided by the number of levels of this place that you've seen.
                   A       B       C       D       E      F
               +-------+-------+-------+-------+-------+----------------------
         Total | 100.0 | 100.0 |   2.6 |   2.5 |  69.6 | 630.5
       Dungeon | 100.0 | 100.0 |   2.6 |   2.5 |  69.6 | 630.5
               +-------+-------+-------+-------+-------+----------------------

Table legend:
 A = Kills in this place as a percentage of kills in entire the game.
 B = Kills by you in this place as a percentage of kills by you in the entire game.
 C = Kills by friends in this place as a percentage of kills by friends in the entire game.
 D = Other kills in this place as a percentage of other kills in the entire game.
 E = Experience gained in this place as a percentage of experience gained in the entire game.
 F = Experience gained in this place divided by the number of levels of this place that you have seen.
                   A       B       C       D       E      F
               +-------+-------+-------+-------+-------+----------------------
         Total | 100.0 | 100.0 | 100.0 |   N/A | 100.0 |  62.0
       Dungeon | 100.0 | 100.0 | 100.0 |   N/A | 100.0 |  62.0
               +-------+-------+-------+-------+-------+----------------------
